 Dungeon Crawl Stone Soup version 0.18-a0-1628-g61c6396 (webtiles) character file.

4459 Ebgish the Digger (level 10, -4/60 HPs)
             Began as a Gargoyle Earth Elementalist on Mar 25, 2016.
             Was a Priest of Vehumet.
             Killed from afar by Erolcha (26 damage)
             ... with a bolt of fire
             ... on level 9 of the Dungeon.
             The game lasted 05:52:25 (6747 turns).

Ebgish the Digger (Gargoyle Earth Elementalist)     Turns: 6747, Time: 05:52:26

Health: -4/60      AC: 14    Str: 17    XL:     10   Next: 37%
Magic:  5/18       EV: 13    Int: 19    God:    Vehumet [***...]
Gold:   199        SH:  4    Dex: 10    Spells: 2 memorised, 16 levels left

rFire  . . .     SeeInvis .     q - +5 dagger (vamp)
rCold  . . .     Gourm    .     a - +0 troll leather armour
rNeg   + . .     Faith    .     s - +0 buckler
rPois  ∞         Spirit   .     (helmet restricted)
rElec  +         Dismiss  .     t - +1 cloak
rCorr  .         Reflect  .     (no gloves)
SustAt .         Harm     .     (no boots)
MR     .....                    x - amulet of magic regeneration
Stlth  ++........               (no ring)
                                l - +6 ring of slaying

@: mighty, very slightly contaminated, not resistant to hostile enchantments,
unstealthy
A: claws 1, horns 1, negative energy resistance 1, electricity resistance,
unbreathing, petrification resistance, rot immunity, AC +7
a: Renounce Religion


You were on level 9 of the Dungeon.
You worshipped Vehumet.
Vehumet was most pleased with you.
You were not hungry.

You visited 1 branch of the dungeon, and saw 9 of its levels.

You collected 379 gold pieces.
You spent 180 gold pieces at shops.

Inventory:

Hand Weapons
 k - a +2 rapier of flaming
 q - a +5 vampiric dagger (weapon)
Missiles
 r - 144 stones (quivered)
Armour
 a - a +0 troll leather armour (worn)
 o - a +0 ice dragon armour
 s - a +0 buckler (worn)
 t - a +1 cloak (worn)
Jewellery
 g - an uncursed ring of fire
 l - a +6 ring of slaying (left claw)
 x - an amulet of magic regeneration (around neck)
 y - an uncursed amulet of rage
 E - a +6 amulet of reflection
Wands
 b - a wand of flame (38/48)
Scrolls
 e - 5 scrolls of remove curse
 p - 2 scrolls of teleportation
 v - a scroll of enchant weapon
 w - 4 scrolls of identify
 A - a scroll of fog
 B - a scroll of blinking
 C - a scroll of magic mapping
 D - a scroll of amnesia
Potions
 f - 4 potions of curing
 n - 2 potions of flight
Books
 c - a book of Geomancy

   Spells                             Type                      Level
   a - Sandblast                      Earth                        1
   b - Passwall                       Transmutation/Earth          2
   c - Stone Arrow                    Conjuration/Earth            3
   d - Petrify                        Transmutation/Earth          4
   e - Lee's Rapid Deconstruction     Earth                        5
 u - Vehumet's Incunabulum of Battle Magic
   (You found it on level 3 of the Dungeon)

   Spells                             Type                      Level
   a - Magic Dart                     Conjuration                  1
Comestibles
 d - 5 bread rations
 h - 2 fruits
 i - a slice of pizza
 j - 3 beef jerkies
 m - a meat ration


   Skills:
 * Level 6.1 Fighting
 * Level 6.0 Armour
 + Level 5.5 Dodging
 + Level 3.8 Stealth
 - Level 4.1 Shields
 * Level 5.7 Spellcasting
 * Level 4.7 Conjurations
   Level 0.7 Transmutations
 * Level 7.9 Earth Magic


You had 16 spell levels left.
You knew the following spells:

 Your Spells              Type           Power        Failure   Level  Hunger
a - Sandblast             Erth           #####.       1%          1    None
f - Stone Arrow           Conj/Erth      ####..       1%          3    ##.....


Dungeon Overview and Level Annotations

Branches:
Dungeon (9/15)             Temple (0/1) D:6            Lair (0/8) D:8
    Orc: D:9-12

Altars:
Ashenzari
Cheibriados
Fedhas
Gozag
Kikubaaqudgha
Okawaru
Qazlal
Ru
Sif Muna
Vehumet
Yredelemnul

Shops:
D:4 [?!   D:5 =![([

Annotations:
D:3 Grinder, Ijyb, Sigmund
D:9 Erolcha


Innate Abilities, Weirdness & Mutations

You are resistant to torment.
Your stone body is resilient (AC +7).
You are immune to poison.
You resist negative energy.
You are resistant to electric shocks.
You can survive without breathing.
You are immune to petrification.
You are immune to rotting.
You have sharp fingernails.
You have a pair of small horns on your head.


Message History

You miscast Stone Arrow.
You are very lightly contaminated with residual magic.
Sparks fly from your claws!
Erolcha points at you and mumbles some strange words.
The crystal spear hits you!
Casting: Stone Arrow
Confirm with . or Enter, or press ? or * to list all spells.
Aiming: Stone Arrow
Press: ? - help, Shift-Dir - straight line, f/p - Erolcha
Aim: Erolcha, wielding a giant spiked club and wearing a robe (heavily wounded)
The stone arrow misses Erolcha.
Erolcha gestures at you while chanting. The bolt of fire hits you!
Drink which item? (? for menu, Esc to quit)
Okay, then.
Drink which item? (? for menu, Esc to quit)
You feel very mighty all of a sudden. Erolcha gestures at you while chanting.
The bolt of fire hits you!
You die...

.#....##.......#
##.#
.#.#############
##c.# .#.#
########..#
.#.########
#.........#
..........#
#.........# #
...##.#####
#.........####.#
#.....#
######(........#
...####
##########.....[..##
..##
#.(.†(((@O)########
#.#### ##.##########
#....###..#
####.....## #######


You could see Erolcha.

Vanquished Creatures
  The ghost of SirMumm the Nimble, a novice HEWz of Okawaru (D:8)
  A troll (D:9)
  A hippogriff (D:9)
  A mottled dragon (D:8)
  A water moccasin (D:9)
  Duvessa (D:6)
  An orc warrior (D:6)
  A sky beast (D:5)
  A wasp (D:9)
  3 ice beasts (D:5)
  A phantom (D:6)
  3 ogres
  3 centaurs
  A gnoll sergeant (D:9)
  A big kobold (D:9)
  Blork the orc (D:6)
  A giant frog (D:8)
  A wyvern zombie (D:9)
  A scorpion (D:9)
  Dowan (D:6)
  14 killer bees
  2 crimson imps (D:7)
  2 howler monkeys
  2 hounds
  2 giant frog zombies
  A jelly (D:6)
  2 orc wizards (D:4)
  2 orc priests (D:4)
  A giant frog skeleton (D:9)
  Jessica (D:2)
  2 iguanas
  8 worker ants
  A hound zombie (D:7)
  A hound skeleton (D:7)
  11 gnolls
  2 howler monkey skeletons
  11 adders
  2 shadow imps
  6 oozes
  3 adder skeletons
  4 worms
  2 dart slugs
  5 giant geckos
  16 orcs
  5 giant cockroaches
  4 goblins
  9 hobgoblins
  10 jackals
  2 quokkas
  A ball python (D:1)
  6 bats
  A giant gecko zombie (D:5)
  8 giant newts
  A jackal zombie (D:6)
  9 kobolds
  A quokka skeleton (D:5)
  A quokka zombie (D:5)
  16 rats
203 creatures vanquished.

Notes
Turn   | Place    | Note
--------------------------------------------------------------
     0 | D:1      | Ebgish the Gargoyle Earth Elementalist began the quest for the Orb.
     0 | D:1      | Reached XP level 1. HP: 10/10 MP: 3/3
     1 | D:1      | Found a runed door.
    83 | D:1      | Gained mutation: You have sharp fingernails. [potion of beneficial mutation]
    84 | D:1      | Gained mutation: You have a pair of small horns on your head. [potion of mutation]
    84 | D:1      | Gained mutation: Your movements are slightly less encumbered by armour (ER -2). [potion of mutation]
    84 | D:1      | Lost mutation: Your movements are slightly less encumbered by armour (ER -2). [potion of mutation]
   339 | D:1      | Reached skill level 4 in Earth Magic
   362 | D:1      | Reached XP level 2. HP: 12/15 MP: 0/5
   822 | D:1      | Reached XP level 3. HP: 19/19 MP: 6/6
   943 | D:1      | Reached skill level 1 in Fighting
   965 | D:1      | Reached XP level 4. HP: 17/25 MP: 3/8
  1053 | D:2      | Learned a level 3 spell: Stone Arrow
  1213 | D:2      | Found an iron altar of Okawaru.
  1268 | D:2      | Noticed Jessica
  1274 | D:2      | Killed Jessica
  1274 | D:2      | Reached skill level 5 in Earth Magic
  1401 | D:2      | Reached XP level 5. HP: 24/29 MP: 6/9
  1477 | D:2      | Reached skill level 1 in Armour
  1911 | D:3      | Found a radiant altar of Vehumet.
  1915 | D:3      | Found an ancient bone altar of Kikubaaqudgha.
  1915 | D:3      | Found a deep blue altar of Sif Muna.
  1921 | D:3      | Identified Vehumet's Incunabulum of Battle Magic
  1923 | D:3      | Became a worshipper of Vehumet
  2203 | D:3      | Noticed Grinder
  2206 | D:3      | Noticed Ijyb
  2512 | D:3      | Noticed Sigmund
  2812 | D:4      | Reached skill level 1 in Shields
  2861 | D:4      | Found Modo's Distillery.
  2896 | D:4      | Reached XP level 6. HP: 21/34 MP: 11/11
  3019 | D:4      | Found Amotudis's Magic Scroll Shoppe.
  3039 | D:4      | Reached skill level 1 in Conjurations
  3158 | D:4      | Reached * piety under Vehumet
  3158 | D:4      | Offered knowledge of Sting by Vehumet.
  3209 | D:4      | Found a blossoming altar of Fedhas.
  3243 | D:4      | Found Jiprarui's Jewellery Boutique.
  3253 | D:4      | Found Neat's Armour Boutique.
  3313 | D:4      | Reached skill level 6 in Earth Magic
  3410 | D:4      | Found an iron altar of Okawaru.
  3438 | D:5      | Entered Level 5 of the Dungeon
  3456 | D:5      | Found Cikeusch's Antique Armour Boutique.
  3459 | D:5      | Reached XP level 7. HP: 38/38 MP: 13/13
  3533 | D:5      | Found Wemiq's Antique Weapon Emporium.
  3662 | D:5      | Found Dixis's Jewellery Shop.
  3672 | D:5      | Reached XP level 8. HP: 45/45 MP: 10/14
  3865 | D:5      | Found Foepaqur's Distillery.
  3978 | D:5      | Found Zeriam's Armour Shoppe.
  4172 | D:4      | Bought a +0 troll leather armour for 180 gold pieces
  4191 | D:4      | Offered knowledge of Throw Frost by Vehumet.
  4238 | D:6      | Reached ** piety under Vehumet
  4294 | D:6      | Noticed Duvessa
  4294 | D:6      | Noticed Dowan
  4346 | D:6      | Found a staircase to the Ecumenical Temple.
  4480 | D:6      | Noticed Blork the orc
  4490 | D:6      | Killed Blork the orc
  4490 | D:6      | Reached skill level 7 in Earth Magic
  5003 | D:6      | Killed Dowan
  5013 | D:6      | Reached XP level 9. HP: 21/52 MP: 13/16
  5106 | D:6      | Killed Duvessa
  5210 | D:7      | Found a stormy altar of Qazlal.
  5424 | D:7      | Reached skill level 5 in Spellcasting
  5467 | D:7      | Offered knowledge of Conjure Flame by Vehumet.
  5717 | D:8      | Noticed SirMumm's ghost (novice HEWz)
  5732 | D:8      | Killed SirMumm's ghost
  5732 | D:8      | Reached skill level 5 in Fighting
  5785 | D:8      | Found a staircase to the Lair.
  5830 | D:8      | Reached skill level 5 in Armour
  5905 | D:8      | Reached *** piety under Vehumet
  6119 | D:8      | Found an opulent altar of Gozag.
  6119 | D:8      | Found a basalt altar of Yredelemnul.
  6127 | D:8      | Found a shattered altar of Ashenzari.
  6128 | D:8      | Found a snail-covered altar of Cheibriados.
  6308 | D:9      | Reached skill level 5 in Dodging
  6308 | D:9      | Reached XP level 10. HP: 53/60 MP: 18/18
  6487 | D:9      | Found a sacrificial altar of Ru.
  6606 | D:9      | Offered knowledge of Fulminant Prism by Vehumet.
  6682 | D:9      | Got a faintly humming leather armour
  6683 | D:9      | Identified the +3 leather armour of Zin's Supremacy {-Cast +Fly Str+6} (You found it on level 9 of the Dungeon)
  6707 | D:9      | Noticed Erolcha
  6747 | D:9      | Killed from afar by Erolcha

Vault maps used:
D:1:      dpeg_arrival_caged_fury
D:2:      okawaru_trees_1, uniq_jessica
D:3:      grunt_temple_overflow_magic_moments, uniq_iyjb, uniq_sigmund,
          uniq_grinder
D:4:      fedhas_altar_1, kennysheep_mini, serial_shops, shop, shop, shop, shop,
          roderic_bipointed_swastika
D:5:      serial_shops, nicolae_shop_waterfront, kennysheep_mini_moat,
          shop_fountains, kennysheep_little_box, nicolae_shop_stone, first_bread
D:6:      temple_green, uniq_duvessa, uniq_blork_the_orc
D:7:      grunt_qazlal_clouds
D:8:      minitemple, lair_0_dummy
D:9:      lemuel_doored_altar, uniq_erolcha

Skill      XL: |  1  2  3  4  5  6  7  8  9 10 |
---------------+-------------------------------+-----
Earth Magic    | 4 5 6 7 |  7.9
Fighting       | 1 2 4 5 6 |  6.1
Spellcasting   | 3 4 5 |  5.7
Armour         | 1 2 3 4 5 6 |  6.0
Shields        | 1 2 3 4 |  4.1
Conjurations   | 1 2 3 4 |  4.7
Dodging        | 2 3 5 |  5.5
Stealth        | 3 |  3.8
Transmutations | |  0.7

Action                   |  1- 3 |  4- 6 |  7- 9 | 10-12 || total
-------------------------+-------+-------+-------+-------++-------
Melee: Unarmed           |    53 |       |       |       ||    53
       Short sword       |       |    66 |       |       ||    66
       Flail             |       |     4 |   107 |       ||   111
       Dagger            |       |       |   127 |   125 ||   252
Throw: Stone             |       |     1 |       |       ||     1
 Cast: Sandblast         |    35 |    84 |       |       ||   119
       Stone Arrow       |       |     3 |    41 |     9 ||    53
  Use: Potion            |     2 |     6 |     3 |     1 ||    12
       Scroll            |     1 |    10 |     6 |     4 ||    21
 Stab: Sleeping          |     2 |     1 |     1 |     1 ||     5
       Distracted        |       |       |     1 |       ||     1
  Eat: Chunk             |     1 |     8 |    11 |     2 ||    22
       Fruit             |       |       |     1 |       ||     1
       Meat ration       |       |       |     1 |       ||     1
